[Event "Titled Tuesday Blitz January 17 Early 2023"]
[White "Rian, Kapriaga"]
[Black "Ruiz Castillo, Joshua Daniel"]
[WhiteFideId "7103263"]
[BlackFideId "4400704"]
[WhiteElo "2089"]
[BlackElo "2459"]
[Result "0-1"]
[Round "06"]
[TimeControl "180+2"]
[Date "2023.01.17"]
[WhiteClock "0:00:08"]
[BlackClock "0:00:42"]

1. d4 d5 2. Nf3 e6 3. Bf4 c5 4. e3 Nc6 5. Nbd2 Bd6 6. Bg3 Nf6 7. c3 Qe7 8. Ne5 Nd7 9. Nxc6 bxc6 10. Bxd6 Qxd6 11. f4 cxd4 12. cxd4 O-O 13. Bd3 c5 14. Qc2 h6 15. dxc5 Nxc5 16. O-O Rb8 17. Rab1 Nxd3 18. Qxd3 Ba6 19. Qd4 Bxf1 20. Nxf1 Qb6 21. Qd3 Rfc8 22. Nd2 Qb5 23. Qd4 Rc2 24. b4 Qe2 25. Qe5 Rbc8 0-1


[Site "https://www.chess.com"]

[Event "Titled Tuesday Blitz January 17 Early 2023"]
[White "Hamley, Ryan"]
[Black "Jiganchine, Roman"]
[WhiteFideId "30959497"]
[BlackFideId "2603667"]
[WhiteElo "2092"]
[BlackElo "2205"]
[Result "1-0"]
[Round "06"]
[TimeControl "180+2"]
[Date "2023.01.17"]
[WhiteClock "0:00:35"]
[BlackClock "0:00:02"]

1. d4 d5 2. c4 e6 3. Nf3 Nf6 4. g3 c6 5. Qc2 Be7 6. Bg2 O-O 7. O-O Nbd7 8. Nbd2 b6 9. b3 Bb7 10. Bb2 Rc8 11. e4 c5 12. e5 Ne4 13. Nxe4 dxe4 14. Nd2 cxd4 15. Bxd4 Qc7 16. Bxe4 b5 17. Bxh7+ Kh8 18. Be4 bxc4 19. bxc4 Nc5 20. Bxb7 Qxb7 21. Bxc5 Rxc5 22. Rfe1 g6 23. Nb3 Rcc8 24. c5 Kg7 25. h4 Rh8 26. Rac1 Bxh4 27. Qe4 Qe7 28. c6 Bg5 29. f4 Rh3 30. Rc3 Rch8 31. Qg2 Bxf4 32. c7 Rxg3 33. Rxg3 Bxg3 34. Qxg3 Qxc7 35. Rf1 Rh5 36. Nd4 Qb6 37. Qf2 Rg5+ 38. Kh2 Rh5+ 39. Kg3 Rg5+ 40. Kh4 Rf5 41. Nxf5+ exf5 42. Qxb6 axb6 43. Rb1 1-0


[Site "https://www.chess.com"]

[Event "Titled Tuesday Blitz January 17 Early 2023"]
[White "Fathy, Elameir"]
[Black "Vovk, Orest"]
[WhiteFideId "10600396"]
[BlackFideId "14113490"]
[WhiteElo "2300"]
[BlackElo "2315"]
[Result "0-1"]
[Round "06"]
[TimeControl "180+2"]
[Date "2023.01.17"]
[WhiteClock "0:01:22"]
[BlackClock "0:02:20"]

1. d4 h6 2. c4 g5 3. g3 Bg7 4. Bg2 c5 5. d5 d6 6. Qc2 Nd7 7. Nf3 g4 8. Nfd2 Ne5 9. Nc3 Nf6 10. b3 h5 11. Bb2 h4 12. O-O-O Qa5 13. f4 gxf3 14. Nxf3 h3 15. Bf1 Bh6+ 16. Kb1 Neg4 17. Qd3 Nf2 0-1


[Site "https://www.chess.com"]

[Event "Titled Tuesday Blitz January 17 Early 2023"]
[White "surrenderPLS"]
[Black "Kalajzic, Ivan"]
[BlackFideId "14506378"]
[WhiteElo "2491"]
[BlackElo "2062"]
[Result "0-1"]
[Round "06"]
[TimeControl "180+2"]
[Date "2023.01.17"]
[WhiteClock "0:00:10"]
[BlackClock "0:00:23"]

1. e4 Nc6 2. Nf3 d6 3. d4 Bg4 4. d5 Ne5 5. Nxe5 Bxd1 6. Bb5+ c6 7. dxc6 Qa5+ 8. Nc3 a6 9. cxb7+ axb5 10. b4 Qa6 11. bxa8=Q+ Qxa8 12. Kxd1 dxe5 13. a4 e6 14. Be3 Bxb4 15. Nxb5 Qa5 16. Ke2 Ne7 17. c3 O-O 18. cxb4 Qxb4 19. Rhb1 Qxe4 20. a5 f5 21. f3 Qc4+ 22. Kf2 Nd5 23. Bd2 Rd8 24. a6 Qc5+ 25. Ke2 e4 26. fxe4 Qc4+ 27. Ke1 Qxe4+ 28. Kf2 Nf4 29. Bxf4 Qxf4+ 30. Kg1 Qe3+ 31. Kh1 f4 32. a7 f3 33. a8=Q Rxa8 34. Rxa8+ Kf7 35. Rf1 f2 36. Ra7+ Kg6 37. Ra2 Qd3 38. Raxf2 Qxb5 39. h3 h5 40. Re1 Qd5 41. Rfe2 Kf6 42. Kh2 g5 43. Rf1+ Kg6 44. Ref2 Qd6+ 45. Kh1 e5 46. Re1 Qd4 47. Rfe2 Kf5 48. Kh2 g4 49. hxg4+ hxg4 50. Rxe5+ Qxe5+ 51. Rxe5+ Kxe5 0-1


[Site "https://www.chess.com"]

[Event "Titled Tuesday Blitz January 17 Early 2023"]
[White "Levitan, Caleb Levi"]
[Black "Reprintsev, Alexander"]
[WhiteFideId "14332620"]
[BlackFideId "14100541"]
[WhiteElo "2129"]
[BlackElo "2253"]
[Result "0-1"]
[Round "06"]
[TimeControl "180+2"]
[Date "2023.01.17"]
[WhiteClock "0:00:52"]
[BlackClock "0:02:31"]

1. e4 d5 2. exd5 Qxd5 3. Nc3 Qa5 4. d4 Nf6 5. Bc4 Bg4 6. Nf3 Nc6 7. Be2 O-O-O 8. Be3 e5 9. Nd2 Bxe2 10. Nxe2 exd4 11. Bg5 Qxg5 12. O-O Bd6 13. Nf3 Qh5 14. Nexd4 Nxd4 0-1


[Site "https://www.chess.com"]

[Event "Titled Tuesday Blitz January 17 Early 2023"]
[White "Mrudul Dehankar"]
[Black "Baches Garcia, Guillermo"]
[WhiteFideId "25096990"]
[BlackFideId "2209764"]
[WhiteElo "2030"]
[BlackElo "2327"]
[Result "1/2-1/2"]
[Round "06"]
[TimeControl "180+2"]
[Date "2023.01.17"]
[WhiteClock "0:00:17"]
[BlackClock "0:00:57"]

1. e4 c5 2. Nf3 d6 3. d4 cxd4 4. Nxd4 Nf6 5. Nc3 Nc6 6. Bg5 e6 7. Qd2 h6 8. Bxf6 gxf6 9. O-O-O a6 10. f4 Bd7 11. Bc4 Qb6 12. Nxc6 Qxc6 13. Bb3 h5 14. Kb1 O-O-O 15. Qf2 Kb8 16. f5 Be7 17. Rd3 Qc5 18. Qd2 Qe5 19. g3 h4 20. g4 h3 21. Rg1 Bc6 22. Qe2 Bf8 23. Rgg3 Bh6 24. Rxh3 Bf4 25. Rxh8 Rxh8 26. h3 Qc5 27. a3 Be5 28. Ka2 b5 29. fxe6 fxe6 30. Bxe6 b4 31. axb4 Qxb4 32. Nd1 Bb5 33. c4 Ba4 34. Qd2 Qxd2 35. Rxd2 Rxh3 36. Nc3 Bxc3 37. bxc3 Rxc3 38. Rxd6 Re3 39. Rxa6 Bc2 40. Rb6+ Kc7 41. Ra6 Rxe4 42. Bf5 Rxc4 43. Rxf6 Bxf5 44. gxf5 Kd7 45. Kb3 Rf4 46. Kc3 Ke7 47. Ra6 Rxf5 48. Kd4 Rh5 49. Ke4 Kd7 50. Kd4 Kc7 51. Kc4 Kb7 52. Rg6 Rh4+ 53. Kd5 Rh1 54. Rg7+ Kb6 55. Rg6+ Kb5 56. Kd6 Rd1+ 57. Kc7 Rf1 58. Kb7 Rf7+ 59. Kc8 Rh7 60. Kd8 Kc5 61. Kc8 Kd5 62. Kd8 Ke5 63. Kc8 Kf5 64. Ra6 Rg7 65. Kd8 Rb7 66. Ke8 Ke5 67. Kd8 Kd5 68. Kc8 Rh7 69. Kd8 Rh8+ 70. Kd7 Rh7+ 71. Kd8 Kc5 72. Rg6 Kd5 73. Ke8 Ke5 74. Kd8 Kf5 75. Ra6 Rb7 76. Kc8 Rb1 77. Kd7 Ke5 78. Ke7 Rc1 79. Ra5+ Kf4 80. Kd6 Rd1+ 81. Ke6 Re1+ 82. Kf6 Rd1 83. Ra4+ Ke3 84. Ke5 Rd8 85. Ra3+ Rd3 86. Rxd3+ Kxd3 1/2-1/2


[Site "https://www.chess.com"]

[Event "Titled Tuesday Blitz January 17 Early 2023"]
[White "Degtiarev, Evgeny"]
[Black "Jaskolka, Tomasz"]
[WhiteFideId "4149610"]
[BlackFideId "1170791"]
[WhiteElo "2385"]
[BlackElo "2238"]
[Result "0-1"]
[Round "06"]
[TimeControl "180+2"]
[Date "2023.01.17"]
[WhiteClock "0:00:04"]
[BlackClock "0:01:39"]

1. d4 d5 2. c4 e5 3. dxe5 d4 4. Nf3 Nc6 5. g3 Nge7 6. Nbd2 Ng6 7. Bg2 Ngxe5 8. O-O Be6 9. b3 Qd7 10. a3 Be7 11. Bb2 h5 12. Nxe5 Nxe5 13. Nf3 Nxf3+ 14. Bxf3 Bf6 15. Bxb7 Rb8 16. Bg2 h4 17. e3 hxg3 18. exd4 gxh2+ 19. Kh1 Bh3 20. Re1+ Kf8 21. Qf3 Bxg2+ 22. Qxg2 Rxb3 23. Rab1 g6 24. Ba1 Rxb1 25. Rxb1 Kg7 26. d5 Qf5 27. Bxf6+ Qxf6 28. Rf1 Qc3 29. Qe4 Qf6 30. c5 Rh4 31. Qe3 Qf5 32. Rd1 Rh3 33. Qd4+ Kh7 34. f4 Qg4 35. Rd2 Qf3+ 0-1


[Site "https://www.chess.com"]

[Event "Titled Tuesday Blitz January 17 Early 2023"]
[White "Bas Mas, Jose Joaquin"]
[Black "Legenia, Artem"]
[WhiteFideId "22219064"]
[BlackFideId "14136945"]
[WhiteElo "2197"]
[BlackElo "2092"]
[Result "1-0"]
[Round "06"]
[TimeControl "180+2"]
[Date "2023.01.17"]
[WhiteClock "0:00:34"]
[BlackClock "0:01:23"]

1. e4 b6 2. d4 Bb7 3. Nc3 g6 4. f4 Bg7 5. Nf3 e6 6. Be3 Ne7 7. Qd2 h6 8. O-O-O d6 9. h4 Nd7 10. h5 a6 11. Kb1 d5 12. e5 c5 13. g4 Nc6 14. hxg6 fxg6 15. Bd3 Kf7 16. Nh4 Nf8 17. f5 exf5 18. gxf5 cxd4 19. fxg6+ Kg8 20. Qf2 Qd7 21. Bxd4 Ne6 22. Rhf1 Rf8 23. Qf7+ Rxf7 24. gxf7+ Qxf7 25. Rxf7 Kxf7 26. Rf1+ Ke8 27. Bg6+ Kd7 28. Bxb6 Nxe5 29. Bf5 Kc6 30. Bxe6 Kxb6 31. Bxd5 Bxd5 32. Nxd5+ Kc5 33. Ne3 Rb8 34. c3 Nd3 35. b3 Bxc3 36. Kc2 Kd4 37. Nef5+ Ke4 38. Kxc3 1-0


[Site "https://www.chess.com"]

[Event "Titled Tuesday Blitz January 17 Early 2023"]
[White "Vaglio Munoz, Jaime"]
[Black "Qashashvili, Alexandre"]
[WhiteFideId "6500145"]
[BlackFideId "13600842"]
[WhiteElo "2174"]
[BlackElo "2505"]
[Result "1-0"]
[Round "06"]
[TimeControl "180+2"]
[Date "2023.01.17"]
[WhiteClock "0:02:38"]
[BlackClock "0:00:28"]

1. d4 c6 2. c4 d5 3. Nc3 Nf6 4. e3 Bg4 5. Qb3 Qb6 6. c5 Qxb3 7. axb3 Nbd7 8. b4 e6 9. b5 cxb5 10. Nxb5 a6 11. Nc7+ Kd8 12. Nxa8 e5 13. Be2 Be6 14. Bd2 exd4 15. exd4 Ne4 16. Ba5+ Kc8 17. Nb6+ Nxb6 18. Bxb6 Be7 19. Nf3 f6 20. Nd2 Ng5 21. h4 Nf7 22. b4 Kd7 23. b5 axb5 24. Bxb5+ 1-0


[Site "https://www.chess.com"]

[Event "Titled Tuesday Blitz January 17 Early 2023"]
[White "parintele_chess"]
[Black "Tarasova, Viktoriya"]
[BlackFideId "4175840"]
[WhiteElo "2259"]
[BlackElo "2226"]
[Result "1/2-1/2"]
[Round "06"]
[TimeControl "180+2"]
[Date "2023.01.17"]
[WhiteClock "0:00:05"]
[BlackClock "0:00:14"]

1. d4 Nf6 2. Bf4 d5 3. Nf3 c5 4. e3 e6 5. c3 Bd6 6. Bg3 O-O 7. Nbd2 Qc7 8. Ne5 Nbd7 9. f4 b6 10. Bd3 Bb7 11. O-O Ne4 12. Bxe4 dxe4 13. Ndc4 cxd4 14. cxd4 Bxe5 15. Nxe5 Nxe5 16. fxe5 Rac8 17. Rc1 Qd7 18. Qg4 Rxc1 19. Rxc1 Rc8 20. Rf1 Rc2 21. Bh4 Qe8 22. Rf2 Rxf2 23. Kxf2 Bd5 24. b3 Kf8 25. Bf6 gxf6 26. exf6 Qd8 27. Qg7+ Ke8 28. Qg8+ Kd7 29. Qxf7+ Kc8 30. Qg7 e5 31. dxe5 Be6 32. Qxa7 Qd2+ 33. Kf1 Qc1+ 34. Kf2 Qd2+ 35. Kf1 Qd1+ 36. Kf2 Qd2+ 1/2-1/2


[Site "https://www.chess.com"]

[Event "Titled Tuesday Blitz January 17 Early 2023"]
[White "Torres Dominguez, David"]
[Black "Forgacs, Attila Jr."]
[WhiteFideId "2220857"]
[BlackFideId "773654"]
[WhiteElo "1994"]
[BlackElo "2264"]
[Result "0-1"]
[Round "06"]
[TimeControl "180+2"]
[Date "2023.01.17"]
[WhiteClock "0:00:01"]
[BlackClock "0:00:07"]

1. e4 e5 2. Bc4 Nc6 3. Nc3 Nf6 4. d3 Na5 5. Bb3 Nxb3 6. axb3 d5 7. Bg5 Bb4 8. exd5 Qxd5 9. Nf3 h6 10. Bd2 Qd6 11. h3 O-O 12. O-O Bf5 13. Re1 Rfe8 14. Nb5 Qc5 15. Bxb4 Qxb5 16. Bc3 e4 17. Ra5 Qd7 18. Ne5 Qe6 19. Nc4 Rad8 20. Qc1 Rd5 21. dxe4 Nxe4 22. f3 Rxa5 23. fxe4 Rc5 24. exf5 Qd7 25. Rxe8+ Qxe8 26. Qe3 Qxe3+ 27. Nxe3 Rc6 28. g4 Kf8 29. Kf2 Ke8 30. Ke2 a6 31. Kf3 b5 32. b4 Rd6 33. Ke2 Kd7 34. Be5 Rc6 35. c3 f6 36. Bd4 Rd6 37. Bc5 Rc6 0-1


[Site "https://www.chess.com"]

[Event "Titled Tuesday Blitz January 17 Early 2023"]
[White "Buscar, Michael"]
[Black "Kiseleva, Arina"]
[WhiteFideId "2603616"]
[BlackFideId "4164989"]
[WhiteElo "2041"]
[BlackElo "1962"]
[Result "1-0"]
[Round "06"]
[TimeControl "180+2"]
[Date "2023.01.17"]
[WhiteClock "0:00:10"]
[BlackClock "0:00:01"]

1. Nf3 d5 2. b3 c6 3. Bb2 Nd7 4. e3 Ngf6 5. c4 Qc7 6. cxd5 Nxd5 7. Be2 N7f6 8. O-O Bg4 9. d3 e6 10. a3 Be7 11. Nbd2 O-O 12. Qc2 Bh5 13. Rfe1 Rfd8 14. Nf1 Rac8 15. Rac1 c5 16. Qb1 Bxf3 17. Bxf3 Qd7 18. Bd1 b6 19. Bc2 Ne8 20. d4 h6 21. dxc5 Bxc5 22. Bh7+ Kh8 23. Ng3 Nef6 24. Bc2 Be7 25. Rcd1 Qe8 26. Ne2 Rc7 27. b4 Rcd7 28. Bb3 Nc7 29. Rxd7 Rxd7 30. Rc1 Qd8 31. Qc2 b5 32. Ba2 a6 33. Bb1 g6 34. h3 Kg8 35. Nf4 Ncd5 36. Nxg6 Nxe3 37. fxe3 fxg6 38. Qxg6+ Kh8 39. Qxh6+ Kg8 40. Rf1 Rd1 41. Qg6+ 1-0


[Site "https://www.chess.com"]

[Event "Titled Tuesday Blitz January 17 Early 2023"]
[White "Miszler, Levente"]
[Black "Better_Chess_Faster"]
[WhiteFideId "763276"]
[WhiteElo "2271"]
[BlackElo "2030"]
[Result "1-0"]
[Round "06"]
[TimeControl "180+2"]
[Date "2023.01.17"]
[WhiteClock "0:00:58"]
[BlackClock "0:01:09"]

1. e4 e5 2. Nf3 Nc6 3. d4 exd4 4. Nxd4 Nf6 5. Nc3 Bb4 6. Nxc6 bxc6 7. Bd3 d5 8. exd5 O-O 9. O-O Bg4 10. Be2 Bxe2 11. Qxe2 cxd5 12. Bg5 c6 13. Qf3 h6 14. Bh4 Re8 15. Ne2 Bd6 16. Nd4 Rc8 17. Rfe1 Be5 18. c3 Bxd4 19. cxd4 Re6 20. Rxe6 fxe6 21. Rc1 Qf8 22. Bxf6 Qxf6 23. Qxf6 gxf6 24. b4 Kf7 25. b5 Ke7 26. f4 Kd7 27. bxc6+ Rxc6 28. Rxc6 Kxc6 29. g4 Kd6 30. h4 e5 31. g5 hxg5 32. fxg5 fxg5 33. h5 exd4 34. h6 d3 35. Kf2 d2 36. Ke2 g4 37. h7 g3 38. h8=Q d1=Q+ 39. Kxd1 g2 40. Qg7 Kc5 41. Qxg2 1-0


[Site "https://www.chess.com"]

[Event "Titled Tuesday Blitz January 17 Early 2023"]
[White "Rodrigues, Leonardo De Miranda"]
[Black "Seletsky, Grigory"]
[WhiteFideId "2108658"]
[BlackFideId "14112191"]
[WhiteElo "2112"]
[BlackElo "2259"]
[Result "1-0"]
[Round "06"]
[TimeControl "180+2"]
[Date "2023.01.17"]
[WhiteClock "0:00:30"]
[BlackClock "0:01:31"]

1. e4 c5 2. Nc3 Nc6 3. Nf3 e5 4. Bc4 d6 5. d3 g6 6. Ng5 Bg7 7. Nxf7 Qd7 8. Nxh8 Nf6 9. Nf7 Nd4 10. O-O b5 11. Nxb5 Nxb5 12. Bxb5 Kxf7 13. Bxd7 Bxd7 14. f4 Kg8 15. fxe5 dxe5 16. Bg5 Ne8 17. c3 Be6 18. Be7 Rc8 19. Qa4 c4 20. dxc4 Bxc4 21. Qd7 Rb8 22. Rf2 Bh6 23. Qxa7 Rc8 24. Rd1 Bf4 25. g3 Bh6 26. Bb4 Be6 27. Qe7 Bg4 28. Rf8+ 1-0


[Site "https://www.chess.com"]

[Event "Titled Tuesday Blitz January 17 Early 2023"]
[White "Zemlyanskii, Ivan"]
[Black "Cramling Bellon, Anna"]
[WhiteFideId "24249971"]
[BlackFideId "32009232"]
[WhiteElo "2300"]
[BlackElo "2043"]
[Result "1-0"]
[Round "06"]
[TimeControl "180+2"]
[Date "2023.01.17"]
[WhiteClock "0:00:51"]
[BlackClock "0:00:01"]

1. d4 Nf6 2. c4 e6 3. Nf3 d5 4. e3 c6 5. Bd3 Nbd7 6. O-O dxc4 7. Bxc4 b5 8. Bd3 Bb7 9. e4 Be7 10. Re1 a6 11. a4 b4 12. e5 Nd5 13. Nbd2 c5 14. Nc4 cxd4 15. Nxd4 Nc5 16. Bf1 O-O 17. Qg4 Kh8 18. Bd2 Qd7 19. a5 Rac8 20. Rac1 b3 21. Bg5 Bxg5 22. Qxg5 Nb4 23. Red1 Ne4 24. Qf4 Rfd8 25. f3 Nc5 26. Nd6 Na4 27. Nxf7+ Kg8 28. Nxd8 Rxd8 29. Nxe6 Qxd1 30. Rxd1 Rxd1 31. Qf8# 1-0


[Site "https://www.chess.com"]

[Event "Titled Tuesday Blitz January 17 Early 2023"]
[White "Makhnev, Denis"]
[Black "Dilmukhametov, Artur"]
[WhiteFideId "13707647"]
[BlackFideId "24179922"]
[WhiteElo "2483"]
[BlackElo "2276"]
[Result "1-0"]
[Round "06"]
[TimeControl "180+2"]
[Date "2023.01.17"]
[WhiteClock "0:01:01"]
[BlackClock "0:00:39"]

1. Nf3 Nf6 2. d4 g6 3. Bf4 Bg7 4. e3 O-O 5. c3 d6 6. h3 Nbd7 7. Nbd2 Re8 8. Bc4 h6 9. O-O e5 10. Bh2 e4 11. Ne1 d5 12. Bb3 c6 13. c4 Nb6 14. Rc1 Bd7 15. cxd5 cxd5 16. Nc2 Be6 17. f3 Qd7 18. fxe4 Nxe4 19. Nxe4 dxe4 20. Na3 Nd5 21. Nc4 Bf8 22. Ba4 b5 23. Ne5 Qb7 24. Bb3 Nxe3 25. Bxe6 Rxe6 26. Qb3 Nd5 27. Rxf7 Qb6 28. Qxd5 Rd6 29. Rxf8+ 1-0


[Site "https://www.chess.com"]

[Event "Titled Tuesday Blitz January 17 Early 2023"]
[White "Khamdamova, Afruza"]
[Black "Samaganova, Aleksandra"]
[WhiteFideId "14210444"]
[BlackFideId "13800221"]
[WhiteElo "2162"]
[BlackElo "1856"]
[Result "0-1"]
[Round "06"]
[TimeControl "180+2"]
[Date "2023.01.17"]
[WhiteClock "0:00:22"]
[BlackClock "0:00:29"]

1. e4 c5 2. Nf3 e6 3. d4 cxd4 4. Nxd4 a6 5. Bd3 Qc7 6. O-O Nf6 7. c4 b6 8. Nc3 Bb7 9. Be3 d6 10. Rc1 Nbd7 11. f3 Rc8 12. Kh1 Be7 13. b4 O-O 14. Nce2 Qb8 15. Qb3 Rfe8 16. Rfd1 d5 17. cxd5 exd5 18. Rxc8 Qxc8 19. Rc1 Qa8 20. exd5 Nxd5 21. Bg1 Nxb4 22. Bf5 Ne5 23. Ng3 Bd5 24. Qe3 Bc5 25. Re1 f6 26. f4 Bxg2# 0-1


[Site "https://www.chess.com"]

[Event "Titled Tuesday Blitz January 17 Early 2023"]
[White "Novikov, Evgenij"]
[Black "Garrido, Denis"]
[WhiteFideId "4125380"]
[BlackFideId "601217"]
[WhiteElo "2276"]
[BlackElo "2205"]
[Result "1/2-1/2"]
[Round "06"]
[TimeControl "180+2"]
[Date "2023.01.17"]
[WhiteClock "0:00:13"]
[BlackClock "0:00:19"]

1. d4 Nf6 2. c4 g6 3. Nc3 Bg7 4. e4 d6 5. Be2 O-O 6. Nf3 Na6 7. O-O e5 8. d5 Nc5 9. Qc2 a5 10. Bg5 h6 11. Be3 b6 12. Ne1 Bg4 13. f3 Bd7 14. Qd2 Kh7 15. g4 Ng8 16. Ng2 f5 17. h3 Qe7 18. Kh2 f4 19. Bf2 g5 20. b3 Nf6 21. Rh1 Rh8 22. Ne1 h5 23. Kg2 Kg6 24. Nd3 Nxd3 25. Qxd3 Rh6 26. a3 Rah8 27. b4 axb4 28. axb4 Qd8 29. c5 bxc5 30. bxc5 R8h7 31. cxd6 cxd6 32. Nb5 hxg4 33. hxg4 Qh8 34. Rxh6+ Rxh6 35. Rg1 Rh2+ 36. Kf1 Qb8 37. Rg2 Rh1+ 38. Rg1 Rh8 39. Kg2 Ne8 40. Rh1 Rxh1 41. Kxh1 Bf8 42. Kg2 Nc7 43. Nxc7 Qxc7 44. Qa6 Be7 45. Bb5 Bc8 46. Qc6 Qxc6 47. dxc6 Bd8 48. Ba7 Bc7 49. Kf2 Kf6 50. Ke2 Be6 51. Kd3 d5 52. Ba6 dxe4+ 53. Kxe4 Bb3 54. Bc5 Ke6 55. Bc8+ Kf6 56. Bd7 Bc2+ 57. Kd5 Bb3+ 58. Ke4 Bd1 59. Bb4 Bb3 60. Bc3 Bc2+ 61. Kd5 Bd1 62. Ke4 Bc2+ 63. Kd5 Bd1 64. Ke4 Bc2+ 1/2-1/2


[Site "https://www.chess.com"]

[Event "Titled Tuesday Blitz January 17 Early 2023"]
[White "MitzyCaballero"]
[Black "Ortega Ruiz, Jose Miguel"]
[BlackFideId "2209713"]
[WhiteElo "2235"]
[BlackElo "2351"]
[Result "0-1"]
[Round "06"]
[TimeControl "180+2"]
[Date "2023.01.17"]
[WhiteClock "0:00:06"]
[BlackClock "0:00:52"]

1. d4 a5 2. Nf3 a4 3. c4 e6 4. e4 d5 5. Nc3 dxe4 6. Nxe4 Nf6 7. Nc3 a3 8. Be2 Bb4 9. O-O axb2 10. Bxb2 O-O 11. Qb3 Qe7 12. a3 Ba5 13. a4 Rd8 14. Ba3 Qe8 15. Rfd1 Bxc3 16. Qxc3 b6 17. Ne5 Bb7 18. Bf3 Bxf3 19. Qxf3 Rxa4 20. Qb7 Nbd7 21. Nc6 Rda8 22. Bb2 h6 23. h3 Ne4 24. Rdc1 Rxa1 25. Rxa1 Rxa1+ 26. Bxa1 Nd6 27. Qxc7 Nxc4 28. Bc3 Nf6 29. Ne7+ Kh8 30. Bb4 b5 31. Qc5 Nb2 32. Nc6 Nd3 33. Qc3 Nxb4 34. Nxb4 Qd7 35. Qc5 Ne4 36. Qb6 Nc3 37. Nc6 Kh7 38. Kf1 Nd5 39. Qc5 f6 40. Qxb5 Ne7 41. Qd3+ Nf5 42. Nb4 Qd6 43. Nc2 Qh2 44. Ke2 Qxg2 45. Ne3 Qxh3 46. d5 Qh5+ 47. Kd2 Kg8 48. dxe6 Nh4 49. Qd8+ Kh7 50. Qd3+ Qg6 51. e7 Nf3+ 52. Ke2 Ng1+ 53. Kd2 Nf3+ 54. Kc3 Qxd3+ 55. Kxd3 Ne5+ 56. Kd4 Nc6+ 57. Ke4 Nxe7 58. Nf5 Nxf5 59. Kxf5 h5 60. Kf4 Kg6 61. Kg3 Kg5 62. f4+ Kf5 63. Kh4 Kxf4 64. Kxh5 g5 65. Kg6 g4 66. Kxf6 g3 67. Kg6 g2 68. Kf6 g1=Q 0-1


[Site "https://www.chess.com"]

[Event "Titled Tuesday Blitz January 17 Early 2023"]
[White "Broca Jimenez, Fernando"]
[Black "Ahmad, Al Khatib"]
[WhiteFideId "5104742"]
[BlackFideId "8103178"]
[WhiteElo "2075"]
[BlackElo "2344"]
[Result "0-1"]
[Round "06"]
[TimeControl "180+2"]
[Date "2023.01.17"]
[WhiteClock "0:00:08"]
[BlackClock "0:00:05"]

1. e4 c5 2. Nf3 g6 3. d4 cxd4 4. Nxd4 Bg7 5. c4 Nc6 6. Be3 Nf6 7. Nc3 O-O 8. Be2 b6 9. O-O Bb7 10. f3 e6 11. Ndb5 d5 12. cxd5 exd5 13. Nxd5 Nxd5 14. Qxd5 Qxd5 15. exd5 Nb4 16. Nc3 Rfe8 17. Bd2 Bd4+ 18. Kh1 Nxd5 19. Bb5 Red8 20. Rac1 a6 21. Bc4 Nxc3 22. Bxc3 Rac8 23. Bxd4 Rxd4 24. Bb3 Rxc1 25. Rxc1 Bd5 26. Bxd5 Rxd5 27. h3 Rd2 28. Rb1 h5 29. Kh2 h4 30. Kg1 Kg7 31. a3 a5 32. b4 a4 33. b5 Rd3 34. Rc1 Rb3 35. Rc4 Rxa3 36. Rc6 Rb3 37. Rxb6 a3 38. Ra6 g5 39. Kf2 Rb2+ 40. Ke3 a2 41. b6 Rxg2 42. b7 Rb2 43. Rxa2 Rxb7 44. Ra5 Kg6 45. f4 Rb3+ 46. Ke4 Rb4+ 47. Ke3 Rxf4 48. Ra6+ Rf6 49. Ra5 Re6+ 50. Kf3 Rf6+ 51. Kg4 Rf4# 0-1


[Site "https://www.chess.com"]

[Event "Titled Tuesday Blitz January 17 Early 2023"]
[White "Avazkhonov, Alikhon"]
[Black "Smietanska, Wiktoria"]
[WhiteFideId "14208504"]
[BlackFideId "21869359"]
[WhiteElo "1538"]
[BlackElo "1936"]
[Result "0-1"]
[Round "06"]
[TimeControl "180+2"]
[Date "2023.01.17"]
[WhiteClock "0:00:02"]
[BlackClock "0:00:32"]

1. d4 Nf6 2. c4 g6 3. Nc3 Bg7 4. e4 d6 5. f3 O-O 6. Be3 e5 7. d5 Nh5 8. Qd2 f5 9. exf5 gxf5 10. Nge2 Nf6 11. O-O-O a5 12. Kb1 Bd7 13. Bg5 a4 14. Ng3 Qe8 15. h4 Na6 16. h5 a3 17. h6 Bh8 18. Bd3 Qc8 19. b3 Nc5 20. Bc2 Rb8 21. Rh4 b5 22. cxb5 Kf7 23. Nh5 Rg8 24. Nxf6 Bxf6 25. Bxf6 Kxf6 26. g4 f4 27. Rh5 Be8 28. Rf5+ Ke7 29. b4 Nd7 30. Ne4 Bg6 31. Rg5 Rxb5 0-1


[Site "https://www.chess.com"]

[Event "Titled Tuesday Blitz January 17 Early 2023"]
[White "Thiel, Thomas"]
[Black "Lacasa Diaz, Jose Antonio"]
[WhiteFideId "4615964"]
[BlackFideId "2203375"]
[WhiteElo "2234"]
[BlackElo "2359"]
[Result "0-1"]
[Round "06"]
[TimeControl "180+2"]
[Date "2023.01.17"]
[WhiteClock "0:00:02"]
[BlackClock "0:00:18"]

1. e4 c5 2. Nc3 g6 3. d4 cxd4 4. Qxd4 Nf6 5. Be3 Nc6 6. Qd2 Bg7 7. f3 O-O 8. Nge2 d6 9. Nf4 Be6 10. Nxe6 fxe6 11. Bc4 Qc8 12. Bb3 Na5 13. Ne2 Nxb3 14. axb3 Qc7 15. O-O a6 16. c3 e5 17. Bh6 Bxh6 18. Qxh6 Qb6+ 19. Kh1 Qxb3 20. Rab1 Nh5 21. g3 Qc2 22. Ng1 Rf7 23. Rfc1 Qb3 24. Qd2 Raf8 25. Kg2 Nf6 26. Re1 Kg7 27. Rbd1 Nd7 28. Qe2 Nc5 29. Rf1 a5 30. Rd2 a4 31. Rc2 b5 32. Rf2 Qc4 33. Nh3 h6 34. Rf1 Nxe4 35. Qxc4 bxc4 36. Ra1 Nc5 37. Ng1 g5 38. g4 d5 39. Rd2 e6 40. h3 Rb8 0-1


[Site "https://www.chess.com"]

[Event "Titled Tuesday Blitz January 17 Early 2023"]
[White "Clawitter, Craig"]
[Black "Topalov, Aleksandar"]
[WhiteFideId "2023105"]
[BlackFideId "925659"]
[WhiteElo "2050"]
[BlackElo "2233"]
[Result "0-1"]
[Round "06"]
[TimeControl "180+2"]
[Date "2023.01.17"]
[WhiteClock "0:00:01"]
[BlackClock "0:00:14"]

1. e4 e6 2. d4 d5 3. e5 Ne7 4. c3 Qd7 5. Nf3 b6 6. a4 Ba6 7. Bxa6 Nxa6 8. a5 Nb8 9. axb6 cxb6 10. O-O Nbc6 11. h4 h5 12. Na3 Nf5 13. Nc2 Be7 14. Ne3 Nxh4 15. Nxh4 Bxh4 16. Qf3 Be7 17. Qh3 g6 18. b3 Na5 19. Rb1 Qb5 20. c4 dxc4 21. Qf3 Rd8 22. Bd2 Nxb3 23. Bc3 a5 24. Qe2 Rc8 25. d5 exd5 26. e6 f6 27. Qc2 Rg8 28. Rfd1 Rd8 29. Nf5 Qc6 30. Nh6 Rg7 31. Nf7 Rxf7 32. exf7+ Kxf7 33. Re1 Bc5 34. Bd2 b5 35. Be3 d4 36. Bf4 d3 37. Qc3 Qd5 38. Bc7 Rd7 0-1


[Site "https://www.chess.com"]

[Event "Titled Tuesday Blitz January 17 Early 2023"]
[White "Cepo, Toni"]
[Black "Carrasco Miranda, Andres"]
[WhiteFideId "4675916"]
[BlackFideId "3405990"]
[WhiteElo "2145"]
[BlackElo "2240"]
[Result "1-0"]
[Round "06"]
[TimeControl "180+2"]
[Date "2023.01.17"]
[WhiteClock "0:00:23"]
[BlackClock "0:00:03"]

1. e4 c5 2. Nf3 d6 3. d4 cxd4 4. Nxd4 Nf6 5. Nc3 a6 6. h3 e5 7. Nb3 Be7 8. g4 h6 9. Be3 Nbd7 10. a4 Nf8 11. Qd2 Be6 12. O-O-O Ng6 13. Nd5 Nxe4 14. Qb4 Nc5 15. Nxc5 dxc5 16. Qxb7 O-O 17. Nxe7+ Qxe7 18. Qxe7 Nxe7 19. Bxc5 Rfe8 20. b4 Nd5 21. Bg2 Rad8 22. Kb2 Nf4 23. Bc6 Rxd1 24. Rxd1 Rc8 25. Bb7 Rb8 26. Bxa6 Nxh3 27. Be2 Nf4 28. Bf3 f6 29. a5 g6 30. a6 f5 31. gxf5 gxf5 32. a7 1-0


[Site "https://www.chess.com"]